[Event "Fagernes GM-A 2019"]
[Site "Fagernes"]
[Date "2019.04.18"]
[Round "6.10"]
[White "Royset, Pal"]
[Black "Hobber, Anders"]
[Result "1-0"]
[ECO "B01"]
[WhiteElo "2167"]
[BlackElo "2295"]
[Annotator "NA"]
[PlyCount "141"]
[EventDate "2019.04.14"]
[EventType "tourn"]
[EventCountry "NOR"]
[SourceTitle "playchess.com"]
[Source "ChessBase"]
[SourceQuality "1"]
[TimeControl "40/7200:3600"]

1. e4 d5 2. exd5 Qxd5 3. Nc3 Qd6 4. d4 Nf6 5. Nf3 c6 6. Ne5 Be6 {[%emt 0:00:26] B01: Scandinavian Defence} 7. Be2 g6 8. O-O Bg7 9. Bf4 Qd8 10. Bg3 $146 ({Predecessor:} 10. Qd2 O-O 11. Rad1 Nbd7 12. Nf3 Nb6 13. Bh6 Qd6 14. Bxg7 Kxg7 {½-½ (53) Perunovic,M (2693)-Milanovic,D (2594) Belgrade 2015}) 10... O-O 11. Bf3 Na6 12. Re1 Nc7 13. Qd2 Ncd5 14. Na4 Nd7 15. Nxd7 Bxd7 16. b3 Bf5 17. Rad1 Rc8 18. c4 Nf6 19. Qb4 b5 20. cxb5 cxb5 21. Qxb5 Rc2 22. Re2 Rxe2 23. Qxe2 Nd5 24. Qc4 e6 25. Be5 Bh6 26. Nc5 Nb6 27. Qe2 Nd5 28. Qe1 Bc2 29. Rc1 Bf5 30. Rc4 Nb6 31. Nb7 Qg5 32. Rc7 Nd5 33. Bxd5 exd5 34. Nd6 Bh3 35. Bg3 Be6 36. Rxa7 Qd8 37. Qb4 Qg5 38. Qc3 Qg4 39. Qd3 Rd8 40. h3 Qg5 41. Qf3 Rf8 42. a4 Qd2 43. Nb5 Bg7 44. Qe3 Qd1+ 45. Kh2 Rc8 46. Rc7 Rxc7 47. Bxc7 Qc2 48. Be5 Bf8 49. Nc7 Qc6 50. Qf4 Bf5 51. Qf3 Be4 52. Qe3 f6 53. Bg3 Bb4 54. Nb5 g5 $18 55. h4 h6 56. f3 Bc2 57. Qc1 Kf7 58. Kh1 Kg6 59. hxg5 hxg5 60. Nc7 g4 61. Nxd5 Ba3 62. Nf4+ Kf7 63. Qxa3 gxf3 64. Qc5 Qe4 65. Qh5+ Ke7 66. Qxf3 Qxd4 67. Qb7+ Qd7 68. Nd5+ Ke6 69. Qxd7+ Kxd7 70. b4 Kc6 71. Nc3 {[%emt 0:00:11] Kd5 [%clk 0:00:00]} 1-0

[Event "Fagernes GM-A 2019"]
[Site "Fagernes"]
[Date "2019.04.18"]
[Round "6.11"]
[White "Vorobiov, Evgeny E."]
[Black "Isha Sharma"]
[Result "1-0"]
[ECO "E61"]
[WhiteElo "2565"]
[BlackElo "1989"]
[Annotator "ChessBase"]
[PlyCount "85"]
[EventDate "2019.04.14"]
[EventType "tourn"]
[EventCountry "NOR"]
[SourceTitle "playchess.com"]
[Source "ChessBase"]
[SourceQuality "1"]
[TimeControl "40/7200:3600"]

1. d4 d6 2. Nf3 Nf6 3. c4 g6 4. Nc3 Bf5 5. Qb3 b6 6. Ng5 h6 7. e4 Bg4 8. Nf3 Nc6 9. d5 Na5 10. Qa4+ Bd7 11. Qc2 c5 12. Bd3 Bg7 13. O-O O-O 14. e5 dxe5 15. Nxe5 Ng4 16. Nxg4 Bxg4 17. h3 Bc8 18. Bf4 Nb7 19. Rae1 Nd6 20. Qd2 Kh7 21. Re2 a6 22. Rfe1 Ra7 23. Be5 Bf5 24. Bxd6 Qxd6 25. Bxf5 gxf5 26. Qc2 Qg6 27. Rxe7 Rxe7 28. Rxe7 Rg8 29. g3 Bf6 30. Re3 Qh5 31. Kg2 Rg6 32. Rf3 Qh4 33. Qxf5 Qxc4 34. Ne4 Bxb2 35. Qxf7+ Rg7 36. Qf5+ Kg8 37. Qe6+ Kh7 38. Nf6+ Bxf6 39. Rxf6 Qc1 40. Qf5+ Kh8 41. Rf8+ Rg8 42. Qf6+ Kh7 43. Rf7+ 1-0

[Event "Fagernes GM-A 2019"]
[Site "Fagernes"]
[Date "2019.04.18"]
[Round "6.12"]
[White "Mihajlov, Sebastian"]
[Black "Bjerke, Richard"]
[Result "1-0"]
[ECO "E25"]
[WhiteElo "2361"]
[BlackElo "2156"]
[Annotator "NA"]
[PlyCount "87"]
[EventDate "2019.04.14"]
[EventType "tourn"]
[EventCountry "NOR"]
[SourceTitle "playchess.com"]
[Source "ChessBase"]
[SourceQuality "1"]
[TimeControl "40/7200:3600"]

1. d4 Nf6 2. c4 e6 3. Nc3 Bb4 4. f3 d5 5. a3 Bxc3+ 6. bxc3 c5 7. cxd5 Nxd5 8. dxc5 Qa5 9. e4 Ne7 10. Be3 O-O 11. Qb3 Nec6 12. Nh3 Nd7 13. Bb5 Qc7 14. O-O Na5 15. Qb4 a6 16. Ba4 e5 17. Rfd1 Nf6 18. Rab1 h6 19. Nf2 Be6 20. Rd6 Rac8 21. Rb6 Nc4 22. Rxe6 Nxe3 23. Rb6 Qxc5 24. Rxb7 Qxc3 25. Bb3 Qxb4 26. axb4 Nc2 27. Nd3 Nd4 28. Nxe5 Nxb3 29. Rxb3 Rc2 30. Rd3 Rb2 31. Nc4 Rb1+ 32. Kf2 Rc8 33. Nd6 Rc2+ 34. Ke3 Rxg2 35. Nxf7 Re1+ 36. Kf4 Rf2 37. e5 Nh5+ 38. Kf5 Kh7 39. Rb8 g6+ 40. Ke6 Nf4+ 41. Kf6 Nh5+ 42. Ke7 Rc2 43. Rdd8 Rc7+ 44. Kd6 1-0

[Event "Fagernes GM-A 2019"]
[Site "Fagernes"]
[Date "2019.04.18"]
[Round "6.13"]
[White "Kizatbay, Abyl"]
[Black "Ingebretsen, Jens E"]
[Result "1-0"]
[ECO "C56"]
[WhiteElo "2108"]
[BlackElo "2300"]
[Annotator "NA"]
[PlyCount "79"]
[EventDate "2019.04.14"]
[EventType "tourn"]
[EventCountry "NOR"]
[SourceTitle "playchess.com"]
[Source "ChessBase"]
[SourceQuality "1"]
[TimeControl "40/7200:3600"]

1. e4 e5 2. Nf3 Nc6 3. d4 exd4 4. Bc4 Nf6 5. e5 d5 6. Bb5 Ne4 7. Nxd4 Bd7 8. Bxc6 bxc6 9. O-O Be7 10. f3 Nc5 11. Be3 O-O 12. Nd2 Na4 13. b3 Nc3 14. Qe1 c5 15. Ne2 Bb5 16. Nxc3 Bxf1 17. Nxf1 d4 18. Rd1 Bh4 19. Bf2 Bxf2+ 20. Qxf2 Qe8 21. Na4 Qxe5 22. Nd2 Rad8 23. Nc4 Qf5 24. Nab2 Rfe8 25. Nd3 h5 26. Re1 f6 27. h4 Kf8 28. a4 Kg8 29. Qg3 Kh7 30. Kf1 Rxe1+ 31. Qxe1 Qg6 32. Qe7 Rd5 33. Nf4 Qxc2 34. Nxd5 Qxb3 35. Qxc5 d3 36. Nde3 Qc3 37. Qxh5+ Kg8 38. Qd5+ Kh8 39. Qa5 Qd4 40. Qh5+ 1-0

[Event "Fagernes GM-A 2019"]
[Site "Fagernes"]
[Date "2019.04.18"]
[Round "6.14"]
[White "Abdrlauf, Elham"]
[Black "Dahl, Trygve"]
[Result "1-0"]
[ECO "B47"]
[WhiteElo "2123"]
[BlackElo "2275"]
[Annotator "NA"]
[PlyCount "85"]
[EventDate "2019.04.14"]
[EventType "tourn"]
[EventCountry "NOR"]
[SourceTitle "playchess.com"]
[Source "ChessBase"]
[SourceQuality "1"]
[TimeControl "40/7200:3600"]

1. e4 c5 2. Nf3 Nc6 3. d4 cxd4 4. Nxd4 Qc7 5. Nc3 e6 6. g4 a6 7. Be3 Bb4 8. Nxc6 bxc6 9. Qd4 Be7 10. g5 e5 11. Qd2 Rb8 12. Rb1 Qa5 13. Bc4 h6 14. g6 fxg6 15. Rg1 Nf6 16. a3 g5 17. b4 Qd8 18. Ke2 Bb7 19. Rbd1 d6 20. f3 Qc7 21. Bb3 Rd8 22. Na4 Qd7 23. Rg3 d5 24. Bb6 O-O 25. Bxd8 Qxd8 26. exd5 cxd5 27. Nc3 Kh8 28. Nxd5 Nh5 29. Rg4 Qd7 30. Qe3 Qf5 31. Nxe7 Bxf3+ 32. Ke1 Qf6 33. Nd5 Qf5 34. Rg1 Bxd1 35. Kxd1 Nf4 36. Kc1 e4 37. Nc3 Qe5 38. Kb1 Rc8 39. Ne2 a5 40. Qd4 Qe7 41. Nxf4 gxf4 42. Rg6 Kh7 43. Re6 1-0

[Event "Fagernes GM-A 2019"]
[Site "Fagernes"]
[Date "2019.04.18"]
[Round "6.15"]
[White "Nordquelle, Daniel"]
[Black "Vitenberg, Noam Aviv"]
[Result "0-1"]
[ECO "B12"]
[WhiteElo "2264"]
[BlackElo "2203"]
[Annotator "NA"]
[PlyCount "76"]
[EventDate "2019.04.14"]
[EventType "tourn"]
[EventCountry "NOR"]
[SourceTitle "playchess.com"]
[Source "ChessBase"]
[SourceQuality "1"]
[TimeControl "40/7200:3600"]

1. e4 c6 2. d4 d5 3. e5 Bf5 4. h4 h5 5. c4 e6 6. Nc3 Ne7 7. Nge2 $11 Nd7 8. Ng3 Bg6 9. Be3 Nf5 10. Nxf5 Bxf5 11. cxd5 cxd5 12. Be2 Bg6 13. g3 Be7 14. O-O Rc8 15. a4 Bf5 16. Qd2 f6 17. exf6 Nxf6 18. Bg5 O-O 19. Qe3 Qb6 20. Bxh5 Qxb2 21. Ne2 Bd6 22. Bf3 Ng4 23. Bxg4 Bxg4 24. Nf4 Rc3 25. Qe1 Rf3 26. Rd1 Bxf4 27. Bxf4 Bh3 28. Rb1 Qxd4 29. Qe2 R8xf4 30. gxf4 Qxf4 31. Kh1 Bg4 32. Kg1 Bh3 33. Kh1 Bg4 34. Kg1 Rh3 35. f3 Rg3+ 36. Kh2 Rxf3+ 37. Kg1 Qd4+ 38. Kg2 Rg3+ 0-1

[Event "Fagernes GM-A 2019"]
[Site "Fagernes"]
[Date "2019.04.18"]
[Round "6.16"]
[White "Machlik, Monika"]
[Black "Dolzhikova, Olga"]
[Result "1/2-1/2"]
[ECO "A52"]
[WhiteElo "2059"]
[BlackElo "2231"]
[Annotator "NA"]
[PlyCount "80"]
[EventDate "2019.04.14"]
[EventType "tourn"]
[EventCountry "NOR"]
[SourceTitle "playchess.com"]
[Source "ChessBase"]
[SourceQuality "1"]
[TimeControl "40/7200:3600"]

1. d4 Nf6 2. c4 e5 3. dxe5 Ng4 4. Bf4 Nc6 5. Nf3 Bb4+ 6. Nbd2 Qe7 7. a3 Ngxe5 8. Nxe5 Nxe5 9. e3 Bxd2+ 10. Qxd2 d6 11. Qc3 f6 12. Be2 a5 13. b3 O-O 14. O-O b6 15. b4 Bb7 16. Rfc1 Ng6 17. Qd4 Nxf4 18. Qxf4 axb4 19. axb4 Qe5 20. Qxe5 fxe5 21. f3 e4 22. f4 Rxa1 23. Rxa1 Ra8 24. Rxa8+ Bxa8 25. Kf2 Kf7 26. Ke1 c5 27. bxc5 bxc5 28. Kd2 Bb7 29. Kc3 Ba6 30. Bd1 Kf6 31. Bg4 Bb7 32. Bd1 Bc6 33. Kb3 Ke6 34. Bg4+ Ke7 35. Bd1 d5 36. cxd5 Bxd5+ 37. Kc3 Kd6 38. Bg4 Bb7 39. Be2 Bc6 40. Bg4 Bb7 1/2-1/2

[Event "Fagernes GM-A 2019"]
[Site "Fagernes"]
[Date "2019.04.18"]
[Round "6.17"]
[White "Bentsen, Hakon"]
[Black "Holleland, Sigve"]
[Result "1/2-1/2"]
[ECO "B33"]
[WhiteElo "2155"]
[BlackElo "2024"]
[Annotator "NA"]
[PlyCount "68"]
[EventDate "2019.04.14"]
[EventType "tourn"]
[EventCountry "NOR"]
[SourceTitle "playchess.com"]
[Source "ChessBase"]
[SourceQuality "1"]
[TimeControl "40/7200:3600"]

1. e4 c5 2. Nf3 Nc6 3. d4 cxd4 4. Nxd4 Nf6 5. Nc3 e5 6. Ndb5 d6 7. Bg5 a6 8. Na3 b5 9. Nd5 Be7 10. Bxf6 Bxf6 11. c3 Bg5 12. Nc2 O-O 13. a4 bxa4 14. Rxa4 a5 15. Bd3 Bd7 16. Ra2 Ne7 17. Nce3 Nxd5 18. Nxd5 Kh8 19. O-O g6 20. Qe2 Rb8 21. Rfa1 a4 22. Bc2 a3 23. b4 f5 24. Rxa3 Be6 25. Rd1 Qc8 26. Qa6 Qd8 27. Qa5 Qc8 28. Qc7 Bxd5 29. Qxc8 Rfxc8 30. Rxd5 fxe4 31. Kf1 Rc4 32. b5 Bd8 33. Ke2 Rbc8 34. Rd1 Rxc3 1/2-1/2

[Event "Fagernes GM-A 2019"]
[Site "Fagernes"]
[Date "2019.04.18"]
[Round "6.18"]
[White "Skotheim, Andreas"]
[Black "Andersen, Morten"]
[Result "0-1"]
[ECO "E20"]
[WhiteElo "2182"]
[BlackElo "2223"]
[Annotator "NA"]
[PlyCount "118"]
[EventDate "2019.04.14"]
[EventType "tourn"]
[EventCountry "NOR"]
[SourceTitle "playchess.com"]
[Source "ChessBase"]
[SourceQuality "1"]
[TimeControl "40/7200:3600"]

1. d4 d5 2. c4 e6 3. Nc3 Bb4 4. Nf3 Nf6 5. g3 dxc4 6. Qa4+ Nc6 7. a3 Bxc3+ 8. bxc3 Qd5 9. Bg2 b5 10. Qc2 Bb7 11. O-O O-O 12. Nh4 Qd7 13. e4 Na5 14. Bg5 Ne8 15. d5 e5 16. Nf5 f6 17. Be3 Nb3 18. Rab1 Nd6 19. Bh3 Nxf5 20. Bxf5 Qd6 21. a4 a6 22. Rxb3 cxb3 23. Qxb3 Bc8 24. Bxc8 Rfxc8 25. axb5 axb5 26. Qxb5 c6 27. Qb4 Qxb4 28. cxb4 cxd5 29. exd5 Rd8 30. Rd1 Rab8 31. Bc5 Kf7 32. Kf1 Rd7 33. Ke2 Rbd8 34. Bb6 Rb8 35. Bc5 Rbd8 36. Bb6 Ra8 37. Rd2 Ra1 38. h4 Rb1 39. Bc5 h5 40. d6 g5 41. Kd3 gxh4 42. gxh4 Ke6 43. Kc4 Rb7 44. b5 R1xb5 45. d7 Rxd7 46. Rxd7 Rxc5+ 47. Kxc5 Kxd7 48. Kd5 Ke7 49. f3 Kd7 50. f4 exf4 51. Ke4 Kd6 52. Kxf4 Ke6 53. Ke4 f5+ 54. Kd4 Kd6 55. Ke3 Ke5 56. Kf3 f4 57. Ke2 Ke4 58. Kf2 f3 59. Kf1 Kf4 0-1

[Event "Fagernes GM-A 2019"]
[Site "Fagernes"]
[Date "2019.04.18"]
[Round "6.19"]
[White "Lillevold, Frode"]
[Black "Lindbol, Aleksander"]
[Result "1/2-1/2"]
[ECO "A90"]
[WhiteElo "2076"]
[BlackElo "2139"]
[Annotator "NA"]
[PlyCount "119"]
[EventDate "2019.04.14"]
[EventType "tourn"]
[EventCountry "NOR"]
[SourceTitle "playchess.com"]
[Source "ChessBase"]
[SourceQuality "1"]
[TimeControl "40/7200:3600"]

1. d4 f5 2. g3 Nf6 3. Bg2 e6 4. c4 d5 5. Nh3 c6 6. O-O Bd6 7. Bf4 Be7 8. Nd2 O-O 9. Qc2 h6 10. Be5 g5 11. e3 Nbd7 12. f4 Ng4 13. Rfe1 Qe8 14. Nf2 Ndxe5 15. dxe5 Nxf2 16. Kxf2 Bd7 17. Red1 h5 18. Nf3 g4 19. Nd4 h4 20. Rac1 b6 21. a3 Rc8 22. Rd2 b5 23. c5 a5 24. b4 axb4 25. axb4 Ra8 26. Qb3 Ra7 27. Ra2 Rxa2+ 28. Qxa2 Qb8 29. Ra1 Rc8 30. e4 fxe4 31. Qe2 hxg3+ 32. hxg3 Kf7 33. Qxg4 Rh8 34. Bh3 Rh6 35. Kg2 Rg6 36. Qh5 Kg7 37. f5 exf5 38. Nxf5+ Bxf5 39. Bxf5 Rxg3+ 40. Kxg3 Qxe5+ 41. Kg4 Qxa1 42. Qg6+ Kf8 43. Qh6+ Qg7+ 44. Qxg7+ Kxg7 45. Bd7 Kf6 46. Kf4 Bf8 47. Bxc6 Bh6+ 48. Kg3 Ke5 49. Bxb5 d4 50. c6 Kd6 51. Kf2 d3 52. Ke1 Bf4 53. Kd1 Kd5 54. Ba6 Kd4 55. Bc8 e3 56. Bg4 Kc4 57. Bh5 Kxb4 58. Bg4 Kc5 59. Bh5 Kxc6 60. Bf3+ 1/2-1/2

[Event "Fagernes GM-A 2019"]
[Site "Fagernes"]
[Date "2019.04.18"]
[Round "6.20"]
[White "Grover, Sigurd Loe"]
[Black "Fuglestein, Sander"]
[Result "1-0"]
[ECO "B10"]
[WhiteElo "2020"]
[BlackElo "2000"]
[Annotator "NA"]
[PlyCount "73"]
[EventDate "2019.04.14"]
[EventType "tourn"]
[EventCountry "NOR"]
[SourceTitle "playchess.com"]
[Source "ChessBase"]
[SourceQuality "1"]
[TimeControl "40/7200:3600"]

1. e4 c6 2. c4 d5 3. cxd5 cxd5 4. exd5 Nf6 5. Nc3 Nxd5 6. Nf3 Nc6 7. Bb5 e6 8. O-O Be7 9. d4 O-O 10. Re1 a6 11. Bxc6 bxc6 12. Ne5 Nxc3 13. bxc3 Qc7 14. Bf4 Bd6 15. c4 Rd8 16. Qf3 f6 17. c5 Bxe5 18. dxe5 f5 19. Re3 Rd5 20. Qh5 Qf7 21. Qh4 Rb8 22. Rg3 Rb4 23. Qg5 a5 24. h4 a4 25. Bd2 Rbd4 26. Be3 Rd1+ 27. Rxd1 Rxd1+ 28. Kh2 Ba6 29. Qf4 Bb5 30. Qf3 Rd5 31. Bh6 g6 32. h5 Rd3 33. Qf4 Rxg3 34. Qxg3 Qe7 35. hxg6 hxg6 36. Qxg6+ Kh8 37. Kg1 1-0

[Event "Fagernes GM-A 2019"]
[Site "Fagernes"]
[Date "2019.04.18"]
[Round "6.21"]
[White "Gjare, Vidar"]
[Black "Shehzad, Shazil"]
[Result "0-1"]
[ECO "B41"]
[WhiteElo "1655"]
[BlackElo "2024"]
[Annotator "NA"]
[PlyCount "114"]
[EventDate "2019.04.14"]
[EventType "tourn"]
[EventCountry "NOR"]
[SourceTitle "playchess.com"]
[Source "ChessBase"]
[SourceQuality "1"]
[TimeControl "40/7200:3600"]

1. e4 c5 2. Nf3 e6 3. d4 cxd4 4. Nxd4 a6 5. a4 Qc7 6. Bd3 Nc6 7. Nxc6 bxc6 8. O-O d5 9. Be3 Nf6 10. exd5 cxd5 11. Bd4 Bc5 12. c3 Bxd4 13. cxd4 Qb6 14. b3 Rb8 15. Bc2 Bd7 16. Nc3 a5 17. Qd3 O-O 18. Rae1 Rfc8 19. Re3 Rc7 20. Ne2 Bc8 21. Rg3 Ba6 22. Qf3 Kf8 23. Bd3 Bxd3 24. Qxd3 g6 25. Qe3 Rbc8 26. Qh6+ Kg8 27. Rh3 Rc2 28. Qg5 Rxe2 29. Qxf6 Qd8 30. Qf4 h5 31. Re3 Rec2 32. Rf3 Qc7 33. Qxc7 R8xc7 34. Rd3 R7c3 35. Rxc3 Rxc3 36. Rb1 Rd3 37. f3 Rxd4 38. Kf2 Rd2+ 39. Kg3 Rd4 40. Kf2 Rd2+ 41. Kg3 Ra2 42. Rc1 Rb2 43. Rc5 Rxb3 44. Rxa5 Kg7 45. Ra8 Kf6 46. h4 Kf5 47. a5 Rb2 48. a6 Ra2 49. Rf8 f6 50. Ra8 e5 51. a7 d4 52. Kh3 Kf4 53. Rf8 Rxa7 54. Rxf6+ Ke3 55. Rxg6 Rd7 56. Re6 d3 57. Rxe5+ Kf2 0-1

[Event "Fagernes GM-A 2019"]
[Site "Fagernes"]
[Date "2019.04.19"]
[Round "7.5"]
[White "Urkedal, Frode Olav Olsen"]
[Black "Mikalsen, Erlend"]
[Result "1-0"]
[ECO "E16"]
[WhiteElo "2513"]
[BlackElo "2397"]
[Annotator "RC"]
[PlyCount "151"]
[EventDate "2019.04.14"]
[EventType "tourn"]
[EventCountry "NOR"]
[SourceTitle "playchess.com"]
[Source "ChessBase"]
[SourceQuality "1"]
[TimeControl "40/7200:3600"]

1. d4 Nf6 2. Nf3 b6 3. c4 e6 4. g3 Ba6 5. Nbd2 Bb7 6. Bg2 Be7 7. O-O O-O 8. Re1 d5 9. cxd5 exd5 10. b3 Nbd7 11. Bb2 Ne4 12. Rc1 Ndf6 13. Ne5 c5 14. Nd3 Rc8 15. dxc5 bxc5 16. Nxe4 Nxe4 17. Nf4 Bf6 18. Bxe4 dxe4 19. Qxd8 Bxd8 20. Red1 Bb6 21. Nd5 Rfe8 22. Ne3 Rcd8 23. Nf5 f6 24. Nd6 Re7 25. Nxb7 Rxd1+ 26. Rxd1 Rxb7 27. Ba3 Kf7 28. Rc1 Rc7 29. Rc4 f5 30. Kg2 Ke6 31. f3 Kd5 32. fxe4+ fxe4 33. Bc1 Rc6 34. Be3 Bc7 35. Ra4 Bb6 36. Kf2 Rf6+ 37. Kg2 Rc6 38. h4 h5 39. g4 g6 40. Kg3 Bc7+ 41. Bf4 Bb6 42. Rc4 Re6 43. g5 Ba5 44. Rc1 e3 45. Kf3 Bd2 46. Rc4 Ra6 47. Re4 Rxa2 48. Re5+ Kd4 49. Re6 Kc3 50. Rxg6 Kxb3 51. Rh6 Ra1 52. g6 Rg1 53. Bg3 Rf1+ 54. Kg2 Rf8 55. Rxh5 c4 56. Be5 Bc3 57. g7 Rg8 58. Bxc3 Kxc3 59. Rg5 Kd2 60. h5 c3 61. h6 c2 62. h7 Rxg7 63. Rxg7 c1=Q 64. h8=Q Qc6+ 65. Kh2 Qd6+ 66. Rg3 Qf4 67. Qh5 Ke1 68. Qf3 Qh6+ 69. Kg2 Kd2 70. Rg4 Qb6 71. Rg5 Qe6 72. Qd5+ Qxd5+ 73. Rxd5+ Kxe2 74. Ra5 Kd2 75. Rxa7 e2 76. Ra2+ 1-0

[Event "Fagernes GM-A 2019"]
[Site "Fagernes"]
[Date "2019.04.19"]
[Round "7.7"]
[White "Postny, Evgeny"]
[Black "Nielsen, Andre"]
[Result "1-0"]
[ECO "D56"]
[WhiteElo "2612"]
[BlackElo "2201"]
[Annotator "RC"]
[PlyCount "71"]
[EventDate "2019.04.14"]
[EventType "tourn"]
[EventCountry "NOR"]
[SourceTitle "playchess.com"]
[Source "ChessBase"]
[SourceQuality "1"]
[TimeControl "40/7200:3600"]

1. Nf3 d5 2. d4 Nf6 3. c4 e6 4. Nc3 Be7 5. Bg5 O-O 6. e3 h6 7. Bh4 Ne4 8. Bxe7 Qxe7 9. Rc1 Nxc3 10. Rxc3 c6 11. Qc2 Nd7 12. cxd5 exd5 13. Bd3 Nf6 14. O-O Re8 15. Ne5 Ng4 16. f4 c5 17. Bb5 Rd8 18. Nxg4 Bxg4 19. dxc5 a6 20. Ba4 d4 21. exd4 Rxd4 22. Rg3 Rad8 23. Rxg4 Qe3+ 24. Kh1 Rxa4 25. Qxa4 Qe2 26. Rxg7+ Kxg7 27. Rg1 Qxb2 28. Qe4 Qxa2 29. Qxb7 Qc2 30. Qxa6 Rd1 31. Qa3 Qd2 32. h3 Rxg1+ 33. Kxg1 Qd4+ 34. Kh2 Kh7 35. Qc1 Qd7 36. Qc3 1-0

[Event "Fagernes GM-A 2019"]
[Site "Fagernes"]
[Date "2019.04.19"]
[Round "7.8"]
[White "Efroimski, Marsel"]
[Black "Vorobiov, Evgeny E."]
[Result "1/2-1/2"]
[ECO "B80"]
[WhiteElo "2287"]
[BlackElo "2565"]
[Annotator "ChessBase"]
[PlyCount "89"]
[EventDate "2019.04.14"]
[EventType "tourn"]
[EventCountry "NOR"]
[SourceTitle "playchess.com"]
[Source "ChessBase"]
[SourceQuality "1"]
[TimeControl "40/7200:3600"]

1. e4 c5 2. Nf3 e6 3. d4 cxd4 4. Nxd4 Nf6 5. Nc3 d6 6. g3 Nc6 7. Bg2 Bd7 8. O-O Be7 9. b3 O-O 10. Bb2 a6 11. Nxc6 Bxc6 12. Re1 Qc7 13. Qe2 b5 14. Rad1 b4 15. Nb1 a5 16. a4 Nd7 17. Nd2 Rac8 18. Nc4 Rfd8 19. Rd2 Nb6 20. Ne3 Bf8 21. Qh5 Nd7 22. Ng4 f6 23. Bf1 Nc5 24. Bc4 Qf7 25. Qxf7+ Kxf7 26. f3 Bxa4 27. Ra1 Bc6 28. Rxa5 Ra8 29. Rxa8 Rxa8 30. c3 bxc3 31. Bxc3 Rb8 32. Ne3 g6 33. Ra2 Rb7 34. Ra3 Bh6 35. Bd4 Ke7 36. Kf2 Kd7 37. Bxf6 Bxe4 38. Ng4 Bc1 39. Ra1 h5 40. Ne5+ dxe5 41. Rxc1 Bf5 42. Rd1+ Ke8 43. Rd8+ Kf7 44. Bxe5 Nxb3 45. Rb8 1/2-1/2

[Event "Fagernes GM-A 2019"]
[Site "Fagernes"]
[Date "2019.04.19"]
[Round "7.10"]
[White "Notkevich, Benjamin Arvola"]
[Black "Gullaksen, Eirik"]
[Result "0-1"]
[ECO "B32"]
[WhiteElo "2495"]
[BlackElo "2324"]
[Annotator "ChessBase"]
[PlyCount "92"]
[EventDate "2019.04.14"]
[EventType "tourn"]
[EventCountry "NOR"]
[SourceTitle "playchess.com"]
[Source "ChessBase"]
[SourceQuality "1"]
[TimeControl "40/7200:3600"]

1. e4 c5 2. Nf3 Nc6 3. d4 cxd4 4. Nxd4 e5 5. Nb5 d6 6. N1c3 a6 7. Na3 Be7 8. Nc4 b5 9. Ne3 Nf6 10. Bd3 O-O 11. O-O Rb8 12. Ned5 Nxd5 13. Nxd5 Bg5 14. Bxg5 Qxg5 15. c3 Qd8 16. Qe2 Be6 17. a4 Bxd5 18. exd5 Ne7 19. axb5 axb5 20. Ra7 Nxd5 21. Bxh7+ Kh8 22. Bc2 Nf6 23. Rd1 Kg8 24. g4 g6 25. Qf3 b4 26. Ra6 Qc8 27. Qxf6 Qxg4+ 28. Kh1 b3 29. Rg1 Qxg1+ 30. Kxg1 bxc2 31. Ra1 Rxb2 32. Rc1 Rb1 33. Qg5 Rc8 34. Kg2 Rxc1 35. Qxc1 Rxc3 36. h4 f6 37. Kf1 d5 38. Ke2 d4 39. Kd2 e4 40. Ke2 Kf7 41. Ke1 Ke6 42. Ke2 Kd5 43. Ke1 f5 44. Ke2 f4 45. Ke1 Kc4 46. Kf1 d3 0-1

[Event "Fagernes GM-A 2019"]
[Site "Fagernes"]
[Date "2019.04.19"]
[Round "7.12"]
[White "Hobber, Anders"]
[Black "Abdrlauf, Elham"]
[Result "1/2-1/2"]
[ECO "A48"]
[WhiteElo "2295"]
[BlackElo "2123"]
[Annotator "NA"]
[PlyCount "116"]
[EventDate "2019.04.14"]
[EventType "tourn"]
[EventCountry "NOR"]
[SourceTitle "playchess.com"]
[Source "ChessBase"]
[SourceQuality "1"]
[TimeControl "40/7200:3600"]

1. d4 Nf6 2. Bf4 b6 3. e3 Bb7 4. h3 g6 5. Nf3 Bg7 6. Be2 O-O 7. O-O d6 8. Bh2 Nbd7 9. c3 Re8 10. a4 a5 11. Na3 e5 12. Nb5 e4 13. Nd2 Nd5 14. Qb3 N7f6 15. Rad1 Rb8 16. c4 Nb4 17. c5 Bd5 18. Bc4 bxc5 19. dxc5 Bxc4 20. Nxc4 Nd3 21. cxd6 c6 22. d7 Qxd7 23. Bxb8 Rxb8 24. Ne5 Qb7 25. Nxd3 exd3 26. Rxd3 cxb5 27. axb5 Bf8 28. Rc1 Qxb5 29. Qxb5 Rxb5 30. b3 Rb7 31. Rc4 Nd7 32. Rd5 Nb6 33. Rb5 Nxc4 34. Rxb7 Nd2 35. f3 Bb4 36. Kf2 Nxb3 37. Ke2 Nc1+ 38. Kd1 Nd3 39. Ke2 Nb2 40. h4 Bc3 41. Rc7 Bf6 42. g3 a4 43. Ra7 Bc3 44. Rc7 Bf6 45. Ra7 Kg7 46. f4 Bc3 47. e4 Bd4 48. Ra5 Bc3 49. Ra7 Bd4 50. Ra5 h5 51. e5 Bb6 52. Rb5 Nc4 53. Rb4 Nxe5 54. Rxb6 Ng4 55. Ra6 Nh6 56. Rxa4 Kf6 57. Kf3 Kg7 58. Ra5 Kf6 1/2-1/2

[Event "Fagernes GM-A 2019"]
[Site "Fagernes"]
[Date "2019.04.19"]
[Round "7.13"]
[White "Dolzhikova, Olga"]
[Black "Vitenberg, Noam Aviv"]
[Result "1/2-1/2"]
[ECO "C10"]
[WhiteElo "2231"]
[BlackElo "2203"]
[Annotator "ChessBase"]
[PlyCount "176"]
[EventDate "2019.04.14"]
[EventType "tourn"]
[EventCountry "NOR"]
[SourceTitle "playchess.com"]
[Source "ChessBase"]
[SourceQuality "1"]
[TimeControl "40/7200:3600"]

1. e4 e6 2. d4 d5 3. Nc3 h6 4. exd5 exd5 5. Nf3 Nf6 6. Bf4 Nc6 7. Bd3 Nb4 8. O-O Nxd3 9. Qxd3 c6 10. Rae1+ Be7 11. Ne5 O-O 12. Ne2 Ng4 13. Qg3 h5 14. h3 Nxe5 15. Bxe5 f6 16. Bc7 Qd7 17. Nc1 Rf7 18. Bf4 b6 19. Qf3 Ba6 20. Nd3 Qf5 21. Re3 g6 22. Rfe1 Qd7 23. Bh2 Bxd3 24. Rxd3 Bd6 25. Bxd6 Qxd6 26. Rde3 Qb4 27. Qf4 Kg7 28. b3 Raf8 29. c3 Qa3 30. R3e2 a5 31. c4 dxc4 32. bxc4 Qb4 33. Qc1 Rd8 34. Rb2 Qa3 35. Rxb6 Qxc1 36. Rxc1 Rxd4 37. Rc2 a4 38. Ra6 Rb7 39. Rxa4 Rb1+ 40. Kh2 Rbd1 41. Ra6 R1d2 42. Rxd2 Rxd2 43. Kg3 c5 44. Ra5 Rd3+ 45. f3 Rd2 46. h4 Kf7 47. a4 Ra2 48. Rxc5 Rxa4 49. Rc8 Ke6 50. Re8+ Kf7 51. Re4 Ra2 52. Rd4 Rc2 53. Kh3 Ke6 54. g4 hxg4+ 55. Kxg4 Ke5 56. Rd5+ Ke6 57. Rd4 Ke5 58. Rd5+ Ke6 59. Rc5 Kd6 60. Rc8 Kd7 61. Rg8 Rxc4+ 62. f4 Ke6 63. Rxg6 Kf7 64. Rh6 Rc1 65. Rh8 Ra1 66. Rb8 Kg7 67. Rb7+ Kg6 68. h5+ Kh6 69. Rf7 Ra6 70. Kf5 Ra5+ 71. Kxf6 Ra6+ 72. Kf5 Ra1 73. Rf8 Rb1 74. Rh8+ Kg7 75. Re8 Ra1 76. Re7+ Kh6 77. Kf6 Kxh5 78. f5 Ra6+ 79. Re6 Ra7 80. Rd6 Kh6 81. Ke6 Kg7 82. f6+ Kg6 83. Ke5 Kf7 84. Rd5 Rb7 85. Kf5 Ra7 86. Ke5 Rb7 87. Kf5 Ra7 88. Ke5 Rb7 1/2-1/2

[Event "Fagernes GM-A 2019"]
[Site "Fagernes"]
[Date "2019.04.19"]
[Round "7.14"]
[White "Andersen, Morten"]
[Black "Machlik, Monika"]
[Result "1/2-1/2"]
[ECO "E00"]
[WhiteElo "2223"]
[BlackElo "2059"]
[Annotator "NA"]
[PlyCount "45"]
[EventDate "2019.04.14"]
[EventType "tourn"]
[EventCountry "NOR"]
[SourceTitle "playchess.com"]
[Source "ChessBase"]
[SourceQuality "1"]
[TimeControl "40/7200:3600"]

1. d4 Nf6 2. c4 e6 3. g3 Bb4+ 4. Bd2 a5 5. Bg2 d6 6. e4 e5 7. Ne2 Nc6 8. d5 Ne7 9. O-O O-O 10. Nbc3 Nd7 11. Kh1 c6 12. Nc1 cxd5 13. exd5 Qc7 14. Qe2 Bxc3 15. Bxc3 Nb6 16. b3 Nexd5 17. Bxe5 dxe5 18. cxd5 Rd8 19. Nd3 Nxd5 20. Rac1 Qd6 21. Nxe5 Be6 22. Rfe1 Rac8 23. Rxc8 1/2-1/2